Map: King's Cove LE

Players

MaSa

  • Race: Terran Terran
  • Spawn Location: 5:00

Cham - Winner!

  • Race: Zerg Zerg
  • Spawn Location: 11:00

Event: 2019 WCS Summer

VOD

Have the link to the VOD?

Description

Time

  • Played on: July 12, 2019, 4:21 p.m.
  • Length: 22:39

All games in this series

Show
View Real Time Build Order
Export as new Build Order

MaSa Terran 

Build Orders: Reaper Expand, Mech 

Get SALT Encoding   

  12  0:00  SCV  
  13  0:12  SCV  
  14  0:17  Supply Depot  
  14  0:25  SCV  
  15  0:39  SCV  
  15  0:40  Barracks  
  16  0:44  Refinery  
  16  0:51  SCV  
  17  1:03  SCV  
  18  1:15  SCV  
  19  1:27  Orbital Command, Reaper  
  20  1:42  Command Center  
  20  1:52  Supply Depot  
  21  1:54  SCV  
  21  1:59  Marine  
  22  2:06  SCV  
  23  2:17  Marine, Factory  
  23  2:18  SCV  
  25  2:34  SCV  
  25  2:35  Barracks Reactor  
  26  2:45  Command Center  
  26  2:50  SCV  
  27  2:56  Orbital Command  
  27  3:02  Refinery  
  27  3:03  SCV  
  28  3:15  Starport, SCV  
  28  3:17  Marine  
  28  3:18  Marine  
  31  3:23  SCV  
  32  3:27  Factory Tech Lab  
  32  3:28  SCV  
  33  3:36  Marine  
  33  3:37  Marine, SCV  
  33  3:40  SCV  
  37  3:49  SCV  
  37  3:51  Viking  
  37  3:52  SCV  
  41  3:56  Marine x2  
  41  3:59  Orbital Command  
  43  4:03  Fusion Core  
  43  4:04  SCV x2  
  45  4:16  SCV  
  45  4:17  Refinery, SCV  
  47  4:18  Refinery  
  47  4:24  SCV  
  47  4:28  SCV  
  47  4:29  SCV  
  50  4:33  Raven  
  50  4:34  Hellion x2  
  50  4:35  Orbital Command  
  56  4:40  SCV  
  56  4:41  SCV  
  56  4:45  Factory  
  58  4:52  Barracks Tech Lab, SCV  
  59  4:53  SCV  
  59  4:59  Factory  
  60  5:04  SCV  
  61  5:13  Supply Depot x2  
  61  5:21  SCV x3, Hellion x2  
  61  5:26  Armory  
  61  5:27  Armory  
  68  5:30  Barracks Reactor  
  68  5:33  SCV  
  68  5:34  SCV x2  
  71  5:36  Starport Reactor  
  71  5:42  Refinery  
  71  5:43  Hellion x2  
  71  5:44  Refinery  
  71  5:45  SCV  
  71  5:46  SCV  
  71  5:47  Siege Tank  
  71  5:49  SCV  
  81  5:51  Engineering Bay  
  81  5:55  Supply Depot x2  
  81  5:57  SCV  
  81  5:58  SCV  
  81  6:01  SCV  
  84  6:09  SCV  
  85  6:15  Terran Vehicle Weapons Level 1  
  85  6:17  Siege Tank, Terran Vehicle And Ship Armor Level 1, SCV, Hellion x2  
  93  6:19  SCV, Supply Depot  
  93  6:20  Supply Depot  
  93  6:23  Siege Tank  
  93  6:25  SCV  
  98  6:29  Missile Turret  
  98  6:30  SCV  
  99  6:37  SCV  
  99  6:38  SCV  
  101  6:42  SCV, Factory  
  101  6:45  Factory  
  101  6:46  Supply Depot x2  
  102  6:48  Barracks Tech Lab  
  102  6:50  SCV, Hellion  
  102  6:52  Hellion  
  107  6:56  SCV  
  107  6:57  SCV  
  107  7:00  Thor, Hellion  
  115  7:06  SCV  
  116  7:08  SCV  
  116  7:14  Thor, Hellion x2  
  127  7:18  SCV  
  127  7:20  Supply Depot  
  127  7:22  Infernal Pre-Igniter  
  128  7:25  SCV x2  
  130  7:36  Command Center, Medivac  
  132  7:41  Medivac  
  132  7:42  Hellion x3  
  140  7:50  SCV  
  141  7:52  Supply Depot  
  141  7:53  Supply Depot x2  
  141  8:00  Liberator  
  141  8:02  Mag-Field Accelerator  
  141  8:08  Liberator  
  141  8:10  SCV x2  
  141  8:13  Siege Tank x2, SCV  
  141  8:14  Siege Tank, Supply Depot x2  
  141  8:15  Supply Depot, Hellion x2  
  160  8:21  Terran Vehicle Weapons Level 2  
  160  8:22  Terran Vehicle And Ship Armor Level 2  
  156  8:34  Hellion  
  156  8:35  Hellion  
  156  8:40  Hellion x2  
  162  8:43  Supply Depot x2  
  162  8:45  Siege Tank  
  165  8:48  Cyclone  
  165  8:49  Cyclone  
  171  9:00  Refinery  
  171  9:04  Hellion x2  
  171  9:07  Planetary Fortress  
  171  9:08  Refinery  
  174  9:16  SCV  
  175  9:18  Cyclone  
  175  9:20  Cyclone  
  175  9:21  Hellion  
  175  9:22  Hellion x2  
  178  9:26  SCV  
  178  9:28  Hellion x2  
  178  9:29  SCV  
  176  9:36  Supply Depot x2  
  176  9:43  Cyclone  
  179  9:49  Hellion  
  179  9:50  Command Center, Cyclone  
  179  9:52  Hellion  
  186  9:53  Cyclone  
  125  10:07  Hellion x2  
  125  10:09  SCV x2  
  127  10:15  Cyclone  
  127  10:20  SCV, Hellion  
  133  10:21  SCV  
  133  10:22  Cyclone  
  133  10:25  SCV x2, Cyclone  
  135  10:32  SCV  
  135  10:34  SCV  
  137  10:37  SCV x2  
  139  10:44  SCV  
  139  10:47  Siege Tank, Refinery  
  143  10:50  SCV  
  143  10:51  SCV  
  143  10:54  Siege Tank  
  143  10:55  SCV  
  143  10:56  SCV  
  150  11:05  SCV, Hellion x3  
  150  11:09  Siege Tank  
  160  11:13  Hellion  
  160  11:16  SCV x2  
  160  11:17  Terran Vehicle Weapons Level 3  
  164  11:19  Hellion  
  164  11:20  Terran Vehicle And Ship Armor Level 3  
  164  11:22  SCV  
  164  11:25  SCV  
  168  11:26  Hellion  
  168  11:31  Barracks  
  168  11:32  Hellion x4  
  170  11:33  SCV  
  170  11:35  Viking x2  
  175  11:40  Thor  
  175  11:41  Thor  
  175  11:45  Starport  
  187  11:51  Hellion x3  
  187  11:52  Hellion  
  192  12:04  Thor  
  192  12:05  Viking  
  200  12:13  Hellion  
  199  12:18  Orbital Command  
  199  12:19  Refinery x2  
  199  12:21  Refinery, Command Center  
  199  12:27  Cyclone  
  198  12:34  Viking x2  
  194  12:40  Thor  
  190  12:47  Thor  
  190  12:48  Viking  
  189  12:52  Hellion x2  
  189  12:53  Hellion  
  189  12:56  Smart Servos  
  195  13:04  Viking  
  188  13:05  Cyclone  
  188  13:06  Barracks Tech Lab  
  188  13:07  Barracks Tech Lab  
  188  13:08  Ghost Academy, Starport Reactor  
  188  13:10  Starport Tech Lab  
  188  13:11  Fusion Core  
  191  13:14  SCV x3  
  194  13:20  Supply Depot  
  194  13:23  Cyclone, Hellion x2  
  194  13:25  Viking  
  197  13:34  Hellion  
  199  13:44  Viking  
  198  13:53  Thor  
  198  13:54  Terran Ship Weapons Level 1  
  198  13:55  Orbital Command  
  199  13:56  Command Center  
  199  14:01  Personal Cloaking  
  199  14:03  Advanced Ballistics  
  199  14:45  Viking x2, Ghost  
  199  14:54  Command Center  
  199  14:57  Ghost Academy, Command Center  
  199  14:59  Ghost Academy  
  199  15:10  Ghost  
  197  15:14  Ghost  
  197  15:20  Liberator  
  194  15:26  Viking x2  
  184  15:38  Ghost  
  189  15:42  Ghost  
  189  15:43  Orbital Command  
  189  15:48  Command Center  
  189  15:49  Nuke x2  
  191  15:50  Nuke  
  191  16:03  Liberator  
  181  16:04  Viking x2  
  181  16:07  Ghost, Starport  
  181  16:11  Ghost  
  180  16:29  Thor x3  
  193  16:34  Viking x2  
  193  16:35  Ghost  
  193  16:39  Ghost  
  182  16:46  Liberator  
  183  16:47  Liberator  
  183  16:48  Starport Reactor  
  181  16:56  Nuke  
  181  16:57  Nuke x2  
  181  16:58  Terran Ship Weapons Level 2  
  181  17:04  Ghost, Hellion  
  181  17:05  Hellion  
  181  17:08  Ghost  
  193  17:12  Cyclone  
  195  17:21  Cyclone  
  198  17:27  Hellion  
  200  17:33  Planetary Fortress  
  200  17:34  Orbital Command x2  
  200  17:41  Terran Infantry Armor Level 1  
  200  17:59  Refinery  
  200  18:00  Refinery  
  200  18:09  Missile Turret  
  200  18:10  Engineering Bay, Missile Turret  
  200  18:12  Missile Turret  
  198  18:16  Nuke x2  
  198  18:22  Ghost  
  200  18:29  Missile Turret x2  
  200  18:31  Viking, Missile Turret  
  200  18:48  Nuke  
  198  19:12  Nuke x2  
  196  19:28  Viking x2  
  200  19:32  Terran Ship Weapons Level 3  
  200  19:35  Terran Infantry Armor Level 2  
  198  19:42  Ghost  
  200  19:50  Command Center  
  200  19:51  Command Center  
  200  19:52  Nuke  
  198  20:18  Ghost  
  199  20:25  Liberator x2  
  199  20:26  Liberator  
  199  20:28  Ghost  
  199  20:42  Viking x2  
  187  20:46  Ghost  
  181  20:56  Thor x2, Ghost  
  145  21:08  Thor  
  128  21:12  Viking x2  
  128  21:15  Ghost, Nuke  
  128  21:16  Nuke x2  
  130  21:24  Barracks, Starport  
  130  21:25  Viking x2, Ghost  
  121  21:26  Viking  
  129  21:33  SCV x3  
  129  21:34  SCV  
  129  21:39  Thor  
  139  21:42  Orbital Command  
  139  21:43  Ghost  
  141  21:53  Ghost  
  143  21:59  Viking  
Show
View Real Time Build Order
Export as new Build Order

Cham Zerg - Winner!

Build Orders: Hatch First, Brood Lord Corruptor 

Get SALT Encoding   

  12  0:01  Drone  
  13  0:08  Drone  
  14  0:17  Overlord  
  14  0:36  Drone x2  
  16  0:49  Hatchery  
  15  0:53  Drone  
  16  0:57  Drone  
  16  1:01  Drone  
  18  1:11  Extractor  
  18  1:15  Spawning Pool  
  16  1:19  Drone  
  16  1:23  Drone  
  18  1:31  Drone  
  19  1:42  Drone  
  20  1:59  Overlord  
  20  2:02  Queen x2  
  20  2:03  Zergling x2  
  20  2:04  Zergling x2  
  26  2:12  Metabolic Boost  
  26  2:14  Drone  
  27  2:18  Drone  
  28  2:24  Drone x2  
  30  2:37  Drone  
  30  2:42  Queen  
  33  2:45  Queen  
  33  2:50  Overlord  
  35  2:53  Drone  
  35  3:03  Overlord  
  35  3:18  Pneumatized Carapace  
  35  3:20  Hatchery  
  35  3:23  Drone x3  
  37  3:28  Drone x2  
  39  3:35  Overlord  
  39  3:36  Drone x2  
  39  3:40  Drone  
  39  3:41  Drone  
  43  3:43  Drone  
  43  3:46  Drone  
  45  3:50  Overlord  
  46  3:55  Drone  
  46  3:59  Queen  
  46  4:01  Zergling x4  
  50  4:03  Zergling x2  
  50  4:06  Drone x2  
  50  4:08  Drone  
  54  4:11  Drone  
  54  4:14  Drone  
  56  4:23  Overlord  
  56  4:24  Drone  
  56  4:28  Drone x4  
  56  4:29  Drone x2  
  63  4:33  Drone, Lair  
  63  4:37  Drone x2  
  66  4:42  Overlord  
  66  4:46  Overlord x2  
  66  4:54  Overlord  
  66  5:00  Drone x3  
  66  5:01  Extractor  
  66  5:02  Drone, Extractor  
  66  5:03  Extractor  
  66  5:05  Drone  
  68  5:08  Drone x2, Queen  
  68  5:09  Overlord  
  68  5:10  Drone x2  
  68  5:11  Drone x3  
  77  5:17  Drone  
  77  5:19  Spore Crawler  
  77  5:20  Spore Crawler x3  
  75  5:21  Drone  
  75  5:22  Drone  
  75  5:27  Drone  
  77  5:32  Drone  
  77  5:34  Hydralisk Den  
  77  5:35  Drone x3  
  80  5:37  Extractor  
  79  5:44  Drone x3, Baneling Nest  
  79  5:45  Hatchery  
  79  5:49  Evolution Chamber  
  79  5:51  Evolution Chamber, Overlord  
  79  5:53  Drone x2  
  79  5:54  Drone  
  81  6:01  Zergling x6  
  81  6:02  Zergling x4  
  86  6:05  Muscular Augments  
  84  6:11  Overlord  
  84  6:16  Zerg Ground Armor Level 1  
  84  6:17  Hydralisk, Zerg Melee Weapons Level 1  
  86  6:20  Hydralisk  
  86  6:22  Hydralisk  
  90  6:27  Drone x2  
  90  6:29  Hydralisk, Overlord  
  94  6:32  Baneling  
  94  6:33  Baneling x5  
  94  6:35  Hydralisk  
  94  6:38  Drone x2  
  94  6:39  Drone  
  99  6:41  Hydralisk  
  99  6:43  Overlord  
  101  6:49  Centrifical Hooks  
  101  6:50  Drone x2  
  101  6:51  Zergling x4  
  101  6:53  Hydralisk  
  107  6:57  Hydralisk, Overlord  
  107  6:59  Overlord  
  109  7:03  Overseer  
  109  7:04  Hydralisk x2  
  109  7:06  Drone x2  
  115  7:11  Infestation Pit, Drone  
  115  7:13  Hydralisk x2  
  115  7:15  Hydralisk  
  119  7:16  Zergling x2  
  119  7:20  Drone x5  
  127  7:23  Drone  
  127  7:28  Drone, Overlord, Grooved Spines  
  127  7:29  Drone x2  
  132  7:30  Drone  
  132  7:32  Drone x2, Extractor x2  
  132  7:35  Drone x2  
  132  7:36  Drone  
  135  7:48  Hive  
  135  7:49  Hatchery  
  134  7:51  Spire  
  134  7:52  Hydralisk  
  134  7:58  Overlord  
  135  8:00  Overlord  
  135  8:01  Hydralisk x2  
  135  8:02  Zergling x4  
  135  8:03  Zergling x4  
  143  8:09  Extractor  
  142  8:14  Drone x2, Overlord x2  
  142  8:19  Overlord  
  143  8:20  Hydralisk x2, Zergling x2  
  143  8:21  Zergling x4  
  143  8:22  Zergling x2  
  143  8:26  Zerg Ground Armor Level 2, Zerg Missile Weapons Level 1  
  149  8:38  Zergling x18  
  158  8:43  Zergling x4  
  158  8:44  Zergling x2  
  158  8:45  Zergling x4  
  163  8:48  Overlord  
  163  8:49  Zergling x6  
  166  8:56  Zergling x6, Hydralisk x2  
  166  8:57  Zergling x4  
  166  8:58  Overlord x2  
  175  9:07  Baneling  
  175  9:08  Baneling x7  
  174  9:13  Extractor  
  172  9:17  Extractor  
  172  9:24  Hydralisk x10  
  163  9:25  Zergling x6  
  163  9:29  Zergling x2  
  163  9:30  Overlord  
  164  9:32  Zergling x16  
  164  9:33  Baneling x5  
  164  9:35  Greater Spire, Adrenal Glands  
  164  9:37  Zergling x2  
  164  9:38  Zergling x4  
  174  9:42  Hydralisk x5  
  174  9:45  Hydralisk  
  186  9:55  Hydralisk x2  
  171  10:00  Hydralisk x7  
  171  10:02  Hydralisk  
  171  10:03  Zergling x2  
  167  10:07  Hydralisk x2  
  167  10:08  Zergling x2  
  167  10:09  Zergling x2  
  162  10:16  Zergling x14  
  162  10:18  Zergling x2  
  162  10:21  Drone x3  
  169  10:24  Drone  
  169  10:25  Drone  
  169  10:27  Drone x2  
  166  10:30  Corruptor  
  166  10:32  Corruptor  
  168  10:37  Corruptor  
  168  10:38  Corruptor  
  168  10:41  Corruptor  
  174  10:43  Corruptor  
  174  10:49  Corruptor x2  
  178  10:52  Zerg Flyer Weapons Level 1  
  178  10:55  Corruptor  
  182  11:04  Brood Lord  
  182  11:08  Brood Lord  
  184  11:17  Brood Lord  
  184  11:18  Drone x2  
  188  11:21  Spine Crawler  
  188  11:23  Spine Crawler, Corruptor x2  
  188  11:24  Hatchery  
  189  11:26  Drone x2  
  189  11:28  Corruptor  
  189  11:31  Corruptor  
  195  11:33  Drone x2  
  197  11:43  Zerg Ground Armor Level 3  
  197  11:48  Zerg Missile Weapons Level 2  
  197  11:50  Hatchery  
  197  11:53  Zergling x2  
  197  11:54  Overlord x2  
  197  12:06  Overlord  
  197  12:07  Overlord x2  
  195  12:10  Overlord x2  
  188  12:16  Brood Lord x5  
  195  12:34  Viper  
  195  12:35  Viper  
  197  12:40  Corruptor  
  199  12:47  Spire  
  194  12:56  Viper x2  
  184  13:08  Drone  
  184  13:09  Drone x10  
  191  13:17  Infestor  
  191  13:18  Infestor, Corruptor x2  
  199  13:20  Brood Lord, Spore Crawler x2  
  199  13:24  Spore Crawler  
  199  13:26  Zerg Flyer Armor Level 1  
  196  13:33  Extractor  
  193  13:34  Spore Crawler  
  193  13:36  Spine Crawler x2, Spore Crawler  
  193  13:37  Brood Lord x2, Spine Crawler  
  193  13:38  Spore Crawler  
  193  13:40  Spine Crawler, Spore Crawler  
  189  13:45  Corruptor x2  
  193  13:50  Corruptor  
  193  14:08  Corruptor x2  
  197  14:13  Corruptor  
  197  14:14  Zerg Flyer Weapons Level 2  
  199  14:19  Zerg Missile Weapons Level 3  
  199  14:26  Spine Crawler  
  199  14:27  Overseer  
  199  14:28  Overseer  
  194  14:46  Hydralisk  
  194  14:47  Hydralisk x3  
  200  15:04  Hydralisk x3  
  200  15:13  Overlord x2  
  200  15:20  Hydralisk x6  
  190  15:40  Corruptor  
  192  16:00  Corruptor x4  
  192  16:01  Corruptor  
  197  16:04  Corruptor  
  194  16:21  Corruptor x4  
  188  16:34  Corruptor x4  
  188  16:36  Corruptor x2  
  196  16:53  Drone x10  
  198  16:55  Hydralisk  
  198  16:59  Overseer x2  
  200  17:19  Overlord x2  
  200  17:20  Zerg Flyer Armor Level 2, Zerg Flyer Weapons Level 3  
  200  17:22  Hatchery  
  199  17:29  Spore Crawler  
  198  17:31  Extractor, Spine Crawler  
  198  17:32  Spine Crawler x2  
  198  17:35  Spore Crawler  
  198  17:36  Spine Crawler x2  
  191  17:37  Brood Lord x2, Spine Crawler  
  191  17:38  Brood Lord x3  
  191  17:43  Spine Crawler, Spore Crawler  
  198  17:44  Spine Crawler  
  198  17:45  Spine Crawler  
  196  17:52  Overseer  
  196  17:54  Hydralisk  
  196  17:55  Hydralisk  
  200  18:26  Overlord  
  200  18:39  Overlord  
  200  19:23  Corruptor  
  200  19:54  Hatchery  
  199  20:03  Spore Crawler  
  199  20:05  Spine Crawler x2  
  199  20:06  Spine Crawler  
  189  20:30  Corruptor x5  
  173  20:56  Hydralisk x4, Corruptor x9  
  173  20:57  Hydralisk x2  
  180  21:04  Hydralisk  
  155  21:11  Hydralisk x2  
  155  21:12  Hydralisk x2  
  155  21:16  Hydralisk x2  
  167  21:19  Hydralisk x2  
  167  21:21  Hydralisk  
  173  21:28  Hydralisk, Brood Lord x2  
  173  21:29  Hydralisk x5, Brood Lord  
  191  21:32  Hydralisk  
  191  21:37  Corruptor  
  191  21:38  Corruptor  
  197  21:42  Extractor  
  192  21:49  Hydralisk x4  
  192  21:51  Hatchery  
  193  22:02  Corruptor x3  
  197  22:16  Drone  
Tags
 
Add a new tag
Caveats
  • Supply blocks, unpowered buildings, or Contaminate may cause inaccurate times.
  • Supply counts are checked every 10 seconds.